 Dungeon Crawl Stone Soup version 0.20.1-1-g8b1a95d (webtiles) character file.

49 Irenicus the Slasher (level 3, 0/33 HPs)
             Began as a Deep Dwarf Chaos Knight on Oct 9, 2017.
             Slain by an orc priest
             ... wielding a +0 short sword
              (6 damage)
             ... on level 2 of the Dungeon.
             The game lasted 00:03:50 (1154 turns).

Irenicus the Slasher (Deep Dwarf Chaos Knight)      Turns: 1154, Time: 00:03:51

Health: 0/33       AC:  5    Str: 15    XL:     3   Next: 53%
Magic:  3/3        EV: 11    Int: 12    God:    Xom [...*..]
Gold:   137        SH:  0    Dex: 13    Spells: 2/2 levels left

rFire    . . .     SeeInvis .   a - +0 falchion (chaos)
rCold    . . .     Gourm    .   (no shield)
rNeg     . . .     Faith    .   b - +2 leather armour
rPois    .         Spirit   .   (no helmet)
rElec    .         Reflect  .   (no cloak)
rCorr    .         Harm     .   (no gloves)
MR       .....                  (no boots)
Stlth    ..........             (no amulet)
Regen    0.0/turn               j - ring of loudness (curse)
MPRegen  0.1/turn               (no ring)

@: non-regenerating
A: damage resistance, heal wounds, sense surroundings 1, no regeneration
a: Heal Wounds, Renounce Religion


You were on level 2 of the Dungeon.
You worshipped Xom.
You were a favourite toy of Xom.
You were hungry.

You visited 1 branch of the dungeon, and saw 3 of its levels.

You collected 137 gold pieces.

Inventory:

Hand Weapons
 a - a +0 falchion of chaos (weapon)
 g - a +2 dagger of draining
Armour
 b - a +2 leather armour (worn)
Jewellery
 j - a cursed ring of loudness (left hand)
Scrolls
 l - a scroll of magic mapping {unknown}
Potions
 e - a potion of heal wounds {unknown}
 h - 3 potions of degeneration {unknown}
 i - a potion of curing {unknown}
 k - a potion of berserk rage {unknown}
 m - a potion of lignification {unknown}
 n - a potion of flight {unknown}
 o - a potion of ambrosia {unknown}
 p - a potion of magic {unknown}
Comestibles
 c - 2 bread rations
 d - 2 meat rations
 f - a royal jelly


   Skills:
 - Level 2.6 Fighting
 + Level 4.6 Long Blades
 - Level 2.1 Armour
 - Level 1.1 Dodging


You had 2 spell levels left.
You didn't know any spells.

Dungeon Overview and Level Annotations

Branches:
Dungeon (3/15)

Altars:


Innate Abilities, Weirdness & Mutations

You are resistant to damage.
You can heal yourself by infusing magical energy.
You passively map a small area around you.
You do not regenerate.


Message History

The orc priest looks as sick as possible!
The orc priest is almost dead.
The quokka closely misses you.
You riposte.
You barely miss the quokka.
You hit the orc priest but do no damage.
The orc priest is moving more slowly.
The orc priest is almost dead.
The orc priest hits you with a short sword.
The quokka bites you but does no damage.
You hit the orc priest.
Sparks of electricity dance between the orc priest's hands.
The orc priest is almost dead.
The orc priest hits you with a short sword.
The quokka bites you but does no damage.
The orc priest hits you with a short sword.
* * * LOW HITPOINT WARNING * * *
You hit the orc priest but do no damage.
The orc priest is almost dead.
The orc priest hits you with a short sword!
You die... "Huh?
Did I miss anything?"

#.....................####
#.........####...........#
#.##...#...# ########.##.#
#.##.....#.####.......#... #####
#.###..#.#...##.#####.....
#...###.###....###....#####.....
##...†..........#...###.......(..
......#######..r#................
###.### #÷.o@............#... #.#
#..###.#............. #.# #..#
#.#....###..#.## #.#
#..###..###.###..#.## ##.##
#..##..## ##.†...).#. ##...##
#..##.#######.#...<.. #.###.#
#..##.###...#.....#.. #.# #.#
##..##.##..........#.# #.###.#
#...##..#............#


You could see an orc priest (berserk) and a quokka.

Vanquished Creatures
  2 dart slugs (D:1)
  A worm (D:2)
  A leopard gecko (D:2)
  2 giant cockroaches
  7 goblins
  4 hobgoblins
  7 jackals (D:2)
  A quokka (D:2)
  2 bats
  6 frilled lizards
  3 kobolds
  3 rats
39 creatures vanquished.

Notes
Turn   | Place    | Note
-------+----------+-------------------------------------------
     0 | D:1      | Irenicus the Deep Dwarf Chaos Knight began the quest for the Orb.
     0 | D:1      | Reached XP level 1. HP: 20/20 MP: 1/1
    15 | D:1      | XOM: divination: detect items
   126 | D:1      | XOM: confuse monster(s)
   139 | D:1      | Reached XP level 2. HP: 27/27 MP: 2/2
   370 | D:1      | XOM: harmless Summ miscast
   474 | D:2      | Reached skill level 4 in Long Blades
   612 | D:2      | Reached XP level 3. HP: 28/33 MP: 3/3
   651 | D:2      | XOM: mild Necr miscast
   922 | D:2      | XOM: destruction
  1154 | D:2      | Slain by an orc priest

Skill      XL: |  1  2 |
---------------+-------+-----
Long Blades    | 4 |  4.6
Fighting       | |  2.6
Armour         | |  2.1
Dodging        | |  1.1

Action                   || total
-------------------------++-------
Melee: Falchion          ||   105
 Stab: Confused          ||     2
Armor: Leather armour    ||    32
Dodge: Dodged            ||    65
       Rpst.: Falchion   ||    19
